 Dungeon Sprint DCSS version 0.32-a0-876-gcfddb08e57 (webtiles) character file.

Game seed: 16565111399652063788

5273 Conn the Destroyer (level 10, -19/72 HPs)
             Began as an Octopode Fire Elementalist on Apr 1, 2024.
             Was the Champion of Sif Muna.
             Killed from afar by a lindwurm (38 damage)
             ... with a blast of flame
             ... in the Dungeon (Sprint VII: "The Pits").
             The game lasted 00:10:11 (1503 turns).

Conn the Destroyer (Octopode Fire Elementalist)     Turns: 1503, Time: 00:10:13

Health: -19/72     AC:  1    Str: 12    XL:     10   Next: 63%
Magic:  9/24       EV: 16    Int: 21    God:    Sif Muna [******]
Gold:   5          SH:  0    Dex: 15    Spells: 0/30 levels left

rFire   . . .        k - +0 quarterstaff (protect)
rCold   . . .        (shield currently unavailable)
rNeg    . . .        (helmet restricted)
rPois   .            (no amulet)
rElec   .            m - +3 ring of dexterity
rCorr   .            n - +3 ring of strength
SInv    .            (no ring)
Will    .....        (no ring)
Stlth   +++++        (no ring)
HPRegen 0.32/turn    (no ring)
MPRegen 0.19/turn    (no ring)
                     (no ring)

%: no teleportation
@: no status effects
A: almost no armour, amphibious, 8 rings, camouflage 1, gelatinous body 1,
(nimble swimmer 1), tentacles
a: Renounce Religion, Channel Magic, Forget Spell, Divine Exegesis


You were in the Dungeon.
You worshipped Sif Muna.
Sif Muna was exalted by your worship.
You visited 1 branch You collected 5 gold pieces.

Inventory:

Hand Weapons
 g - a +2 quarterstaff of speed
 k - a +0 quarterstaff of protection (weapon)
Missiles
 l - a curare-tipped dart
Jewellery
 m - a +3 ring of dexterity (left tentacle)
 n - a +3 ring of strength (right tentacle)
Wands
 p - a wand of polymorph (8)
Scrolls
 f - a scroll of blinking
 i - 2 scrolls of vulnerability
 j - 5 scrolls of amnesia
Potions
 a - 5 potions of magic
 b - 6 potions of curing
 c - 15 potions of heal wounds
 d - a potion of haste
 e - 4 potions of berserk rage
 h - 2 potions of invisibility
 o - a potion of brilliance


   Skills:
 + Level 8.3 Fighting
 + Level 0.2 Staves
 + Level 8.6 Dodging
 - Level 9.0 Stealth
 * Level 10.9 Spellcasting
 * Level 11.5 Conjurations
 - Level 5.0 Hexes
 + Level 9.1 Fire Magic
 + Level 5.8 Alchemy
 + Level 8.8 Invocations


You couldn't memorise any spells.
You knew the following spells:

 Your Spells              Type           Power      Damage    Failure   Level
a - Foxfire               Conj/Fire      100%       2x1d9     1%          1
b - Scorch                Fire           98%        2d9       1%          2
c - Inner Flame           Hex/Fire       41%        N/A       1%          3
d - Flame Wave            Conj/Fire      53%        2d13      1%          4
e - Fireball              Conj/Fire      26%        3d12      2%          5
f - Irradiate             Conj/Alch      24%        3d19      4%          5
g - Starburst             Conj/Fire      26%        6d8       13%         6
h - Brom's Barrelling Bo  Conj/Erth      35%        2d5       5%          4

Your spell library contained the following spells:

 Spells                   Type           Power      Damage    Failure   Level
 Kiss of Death            Conj/Necr      100%       2d13      1%          1
 Shock                    Conj/Air       100%       1d9       1%          1
 Momentum Strike          Conj/Tloc      70%        3d9       1%          2
 Searing Ray              Conj           100%       2d8       1%          2
 Static Discharge         Conj/Air       70%        3-6/arc   1%          2
 Dazzling Flash           Conj/Hex       92%        N/A       1%          3
 Stone Arrow              Conj/Erth      70%        3d11      1%          3
 Tukima's Dance           Hex            32%        N/A       2%          3
 Volatile Blastmotes      Fire/Tloc      60%        2d15      2%          3
 Arcjolt                  Conj/Air       17%        1d27      16%         5
 Fugue of the Fallen      Necr           11%        N/A       19%         3
 Dimensional Bullseye     Hex/Tloc       11%        N/A       22%         4
 Animate Dead             Necr           11%        N/A       52%         4
 Eringya's Noxious Bog    Alch           17%        4d6       63%         6
 Spellforged Servitor     Conj/Summ      17%        N/A       99%         7
 Lehudib's Crystal Spear  Conj/Erth      17%        10d5      100%        8
 Chain Lightning          Conj/Air       17%        3d23      100%        9
 Fire Storm               Conj/Fire      26%        8d7       100%        9


Dungeon Overview and Level Annotations

Branches:
Dungeon (1/1)

Altars:
Ashenzari
Cheibriados
Dithmenos
Elyvilon
Fedhas
Gozag
Hepliaklqana
Kikubaaqudgha
Makhleb
Nemelex Xobeh
Okawaru
Qazlal
Ru
Sif Muna
Trog
Uskayaw
Vehumet
Wu Jian
Xom
Yredelemnul
Zin
The Shining One
Beogh
Jiyva
Lugonu

Annotations:
D Saint Roka


Innate Abilities, Weirdness & Mutations

You cannot wear most types of armour.
You are amphibious.
You can wear up to eight rings at the same time.
Your skin changes colour to match your surroundings (Stealth+).
Your rubbery body absorbs attacks. (AC +1, EV +1)
((You are camouflaged when in or above water. (Stealth+)))
You have tentacles for arms and can constrict up to eight enemies at once.


Message History

Unknown command.
Casting: Inner Flame (safe; 1% risk of failure)
Confirm with . or Enter, or press ? or * to list all spells.
You conjure some foxfire!
The lindwurm roars!
The lindwurm is engulfed in blazing flames.
The lindwurm breathes flames at you. The blast of flame hits you!!
The orc warrior throws a boomerang.
The boomerang misses you.
Casting: Foxfire (safe; 1% risk of failure)
Confirm with . or Enter, or press ? or * to list all spells.
Aiming: Inner Flame (safe; 1% risk of failure)
Press: ? - help, Dir - move target, f - lindwurm, p - orc warrior
Aim: a lindwurm (flame, lightly wounded, ally target, chance to affect: 79%)
The lindwurm barely resists.
The lindwurm is engulfed in blazing flames.
The foxfire hits the lindwurm.
The lindwurm is moderately wounded.
Saint Roka mumbles some strange prayers to Beogh against you.
Beogh smites you!
Unknown command.
Casting: Inner Flame (safe; 1% risk of failure)
Confirm with . or Enter, or press ? or * to list all spells.
Aiming: Inner Flame (safe; 1% risk of failure)
Press: ? - help, Dir - move target, f/p - lindwurm
Aim: a lindwurm (flame, moderately wounded, ally target, chance to affect: 79%)
The lindwurm is filled with an inner flame.
The foxfire hits the lindwurm.
Flame seeps out of the lindwurm.
The lindwurm is moderately wounded.
Saint Roka calls down the wrath of Beogh upon you.
Beogh smites you!
* * * LOW HITPOINT WARNING * * *
Unknown command.
A wolf comes into view.
The lindwurm is engulfed in blazing flames.
Flame seeps out of the lindwurm.
The lindwurm breathes flames at you. The blast of flame hits you!!!
Ouch! That really hurt!
You die...

.....##..####.....#
.....##...##.[....# #
#######....'÷.....+ .+
#######...##......# h.#
#..[[##..####÷....##.##
#..[[##..##.##†..##§.§##
'..))##..##..##[##..).§#o
#..))##..###..#'#..§§k☼o.
#..))##..# ##...@..###oo.
########## ########


You could see a lindwurm (inner flame, catching breath), a wolf (wandering) and
an orc wizard.

Vanquished Creatures
  2 hydras (D)
  A deep troll (D)
  A phantasmal warrior (D)
  Maurice (D)
  An eye of devastation (D)
  An ice devil (D)
  A troll (D)
  A wyvern (D)
  5 yaks (D)
  2 redbacks (D)
  An orc warrior (D)
  A wolf (D)
  2 weeping skulls (D)
  2 kobold brigands (D)
  A bullfrog (D)
  A gnoll sergeant (D)
  4 killer bees (D)
  A quasit (D)
  3 gnolls (D)
  A white imp (D)
  An ufetubus (D)
  2 orcs (D)
  An endoplasm (D)
  2 jackals (D)
  A quokka (D)
  2 bats (D)
  A frilled lizard (D)
  3 rats (D)
46 creatures vanquished.

Vanquished Creatures (collateral kills)
  A weeping skull (D)
  A scorpion (D)
  A gnoll (D)
  A rat (D)
4 creatures vanquished.

Vanquished Creatures (others)
  An iguana (D)
  A kobold (D)
  45 foxfires (D)
47 creatures vanquished.

Grand Total: 97 creatures vanquished

Notes
Turn   | Place    | Note
-------+----------+-------------------------------------------
     0 | D        | Conn the Octopode Fire Elementalist began the quest for the
                  | Orb.
     0 | D        | Reached XP level 1. HP: 11/11 MP: 3/3
    53 | D        | Found a bloodstained altar of Trog.
    53 | D        | Found a shimmering blue altar of Sif Muna.
    53 | D        | Found a viscous altar of Jiyva.
    53 | D        | Found a hazy altar of Hepliaklqana.
    53 | D        | Found an opulent altar of Gozag.
    54 | D        | Found a glowing golden altar of the Shining One.
    54 | D        | Found a glowing silver altar of Zin.
    54 | D        | Found a basalt altar of Yredelemnul.
    54 | D        | Found a shimmering altar of Xom.
    54 | D        | Found an ornate altar of the Wu Jian Council.
    54 | D        | Found a sacrificial altar of Ru.
    54 | D        | Found a stormy altar of Qazlal.
    54 | D        | Found an iron altar of Okawaru.
    54 | D        | Found a sparkling altar of Nemelex Xobeh.
    54 | D        | Found a burning altar of Makhleb.
    54 | D        | Found a blossoming altar of Fedhas.
    54 | D        | Found a white marble altar of Elyvilon.
    54 | D        | Found a shadowy altar of Dithmenos.
    54 | D        | Found a snail-covered altar of Cheibriados.
    55 | D        | Found a radiant altar of Vehumet.
    55 | D        | Found a corrupted altar of Lugonu.
    55 | D        | Found a roughly hewn altar of Beogh.
    56 | D        | Found an ancient bone altar of Kikubaaqudgha.
    56 | D        | Found a hide-covered altar of Uskayaw.
    56 | D        | Found a broken altar of Ashenzari.
    57 | D        | Became a worshipper of Sif Muna the Loreminder
   130 | D        | Reached * piety under Sif Muna
   176 | D        | Noticed a weeping skull
   176 | D        | Noticed a scorpion
   183 | D        | Killed a scorpion
   183 | D        | Reached ** piety under Sif Muna
   184 | D        | Reached skill level 3 in Conjurations
   184 | D        | Reached XP level 2. HP: 11/19 MP: 3/6
   184 | D        | Reached XP level 3. HP: 14/24 MP: 4/8
   184 | D        | Reached XP level 4. HP: 17/29 MP: 4/9
   195 | D        | Killed a weeping skull
   196 | D        | Reached skill level 5 in Stealth
   196 | D        | Reached skill level 4 in Conjurations
   196 | D        | Reached XP level 5. HP: 19/36 MP: 4/12
   264 | D        | Noticed a kobold brigand
   264 | D        | Noticed a weeping skull
   284 | D        | Learned a level 2 spell: Scorch
   293 | D        | Reached *** piety under Sif Muna
   299 | D        | Reached skill level 5 in Fire Magic
   306 | D        | Reached skill level 5 in Spellcasting
   306 | D        | Reached skill level 5 in Conjurations
   306 | D        | Reached XP level 6. HP: 14/42 MP: 1/14
   455 | D        | Reached **** piety under Sif Muna
   470 | D        | Learned a level 3 spell: Inner Flame
   475 | D        | Learned a level 4 spell: Flame Wave
   483 | D        | Reached skill level 6 in Conjurations
   483 | D        | Reached skill level 1 in Hexes
   591 | D        | Reached skill level 5 in Dodging
   632 | D        | Noticed a seven-headed hydra
   642 | D        | Killed a seven-headed hydra
   643 | D        | Reached skill level 5 in Fighting
   643 | D        | Reached skill level 7 in Conjurations
   643 | D        | Reached skill level 5 in Invocations
   643 | D        | Reached XP level 7. HP: 22/50 MP: 5/18
   643 | D        | Reached XP level 8. HP: 25/56 MP: 5/19
   759 | D        | Reached ***** piety under Sif Muna
   760 | D        | Reached skill level 8 in Conjurations
   832 | D        | Noticed an ice devil
   841 | D        | Killed an ice devil
   847 | D        | Received a gift from Sif Muna
   848 | D        | Got Sif Muna's Volume of the Impure Burn {god gift}
   986 | D        | Learned a level 5 spell: Fireball
   992 | D        | Learned a level 5 spell: Irradiate
  1092 | D        | Noticed an eye of devastation
  1095 | D        | Noticed Maurice
  1100 | D        | Killed Maurice
  1100 | D        | Killed an eye of devastation
  1101 | D        | Reached skill level 9 in Conjurations
  1101 | D        | Reached skill level 5 in Hexes
  1101 | D        | Reached XP level 9. HP: 63/63 MP: 6/22
  1210 | D        | Learned a level 6 spell: Starburst
  1210 | D        | Noticed an eight-headed hydra
  1210 | D        | Noticed a phantasmal warrior
  1210 | D        | Noticed a troll
  1214 | D        | Received a gift from Sif Muna
  1216 | D        | Killed a troll
  1217 | D        | Killed an eight-headed hydra
  1218 | D        | Reached skill level 10 in Conjurations
  1221 | D        | Killed a phantasmal warrior
  1222 | D        | Reached skill level 10 in Spellcasting
  1222 | D        | Reached XP level 10. HP: 40/71 MP: 11/24
  1224 | D        | Got Sif Muna's Encyclopedia of the Stygian Evil Eye {god
                  | gift}
  1342 | D        | Received a gift from Sif Muna
  1349 | D        | Reached skill level 11 in Conjurations
  1349 | D        | Reached skill level 5 in Alchemy
  1353 | D        | Noticed a deep troll
  1356 | D        | Killed a deep troll
  1359 | D        | Reached ****** piety under Sif Muna
  1478 | D        | Got Sif Muna's Monograph on Conflict {god gift}
  1489 | D        | Learned a level 4 spell: Brom's Barrelling Boulder
  1495 | D        | Received a gift from Sif Muna
  1496 | D        | Got Sif Muna's Disquisition on Conjury {god gift}
  1499 | D        | Noticed Saint Roka
  1499 | D        | Noticed a lindwurm
  1503 | D        | Killed from afar by a lindwurm

Illustrated notes

Levels and vault maps discovered:
D:        pitsprint [storerooms_1, entrance_room_1, metal_vault_3, armoury_2,
          mini_pit_1, grid_room_1, main_hall_1, silver_pit, the_coven_1,
          the_vestibule_1, steel_vault_5, golden_pit, hallway_of_sentries,
          crystal_vault_6, iron_vault_4, final_vault]

Skill      XL: |  1  2  3  4  5  6  7  8  9 10 |
---------------+-------------------------------+-----
Stealth        | 4 5 6 8 9 |  9.0
Fighting       | 2 3 5 6 7 8 |  8.3
Dodging        | 3 4 6 7 8 |  8.6
Spellcasting   | 3 4 5 7 9 10 | 10.9
Conjurations   | 3 4 5 7 9 10 11 | 11.5
Fire Magic     | 4 5 6 7 8 9 |  9.1
Invocations    | 2 3 5 7 8 |  8.8
Hexes          | 3 5 |  5.0
Alchemy        | 2 4 5 |  5.8
Staves         | |  0.2

Action                     |  1- 3 |  4- 6 |  7- 9 | 10-12 || total
---------------------------+-------+-------+-------+-------++-------
  Melee: Quarterstaff      |     2 |     3 |     1 |     1 ||     7
         Constrict         |       |     3 |       |       ||     3
         Tentacles         |       |     1 |       |     1 ||     2
   Cast: Foxfire           |     7 |     3 |     9 |     8 ||    27
         Scorch            |       |    17 |    11 |     9 ||    37
         Inner Flame       |       |     1 |     8 |     9 ||    18
         Flame Wave        |       |     1 |     2 |       ||     3
         Fireball          |       |       |     1 |       ||     1
         Irradiate         |       |       |     1 |       ||     1
 Invoke: Channel Magic     |       |       |     1 |     1 ||     2
    Use: Scroll            |     1 |       |       |       ||     1
         Potion            |       |     1 |     1 |       ||     2
   Stab: Sleeping          |     1 |       |       |       ||     1
 Armour: Skin              |     5 |    10 |     6 |     7 ||    28
  Dodge: Dodged            |     1 |    10 |     5 |     6 ||    22

Table legend: (Time is in decaauts)
 A = Elapsed time spent in this place.
 B = Non-inter-level travel time spent in this place.
 C = Inter-level travel time spent in this place.
 D = Time resting spent in this place.
 E = Time spent auto-exploring this place.
 F = Levels seen in this place.
 G = Mean time per level.
                   A        B        C        D        E       F      G
               +--------+--------+--------+--------+--------+-----+--------+
         Total |   1508 |   1508 |      0 |    872 |      0 |   1 | 1508.0 |
       Dungeon |   1508 |   1508 |      0 |    872 |      0 |   1 | 1508.0 |
               +--------+--------+--------+--------+--------+-----+--------+

Top non-repeatable levels by time:
       D: 1508 daAuts
